 Dungeon Crawl Stone Soup version 0.31-a0-237-g2d982f9f85 (webtiles) character file.

Game seed: 2059620235462038118

14 qw the Shooter (level 2, 0/24 HPs)
             Began as a Minotaur Hexslinger on July 10, 2023.
             Slain by an orc wizard
             ... wielding a +0 dagger
              (3 damage)
             ... on level 2 of the Dungeon.
             The game lasted 00:01:34 (641 turns).

qw the Shooter (Minotaur Hexslinger)                 Turns: 641, Time: 00:01:34

Health: 0/24       AC:  2    Str: 12    XL:     2   Next: 31%
Magic:  2/2        EV: 12    Int: 10    God:
Gold:   46         SH:  0    Dex: 12    Spells: 2/3 levels left

rFire   . . .        Y - +4 sling
rCold   . . .        (no shield)
rNeg    . . .        c - +0 robe
rPois   .            (helmet restricted)
rElec   .            (no cloak)
rCorr   .            (no gloves)
SInv    .            (no boots)
Will    .....        (no amulet)
Stlth   +            (no ring)
HPRegen 0.24/turn    (no ring)
MPRegen 0.08/turn

%: no passive effects
@: confused
A: horns 2, retaliatory headbutt
a: no special abilities


You were on level 2 of the Dungeon.
You visited 1 branch of the dungeon, and saw 2 of its levels.

You collected 46 gold pieces.


Innate Abilities, Weirdness & Mutations

You have a pair of horns on your head.
You reflexively headbutt those who attack you in melee.


   Skills:
 + Level 1.9 Fighting
 - Level 3.0 Ranged Weapons
 - Level 2.1 Dodging
 - Level 1.0 Spellcasting
 - Level 2.0 Hexes


You had 2 spell levels left.
You knew the following spells:

 Your Spells              Type           Power      Damage    Failure   Level
a - Slow                  Hex            16%        N/A       16%         1

Your spell library contained the following spells:

 Spells                   Type           Power      Damage    Failure   Level
 Inner Flame              Hex/Fire       2%         N/A       56%         3
 Portal Projectile        Hex/Tloc       4%         N/A       56%         3
 Cause Fear               Hex            2%         N/A       83%         4

Inventory:

Hand Weapons
 Y - a +4 sling (weapon)
Armour
 c - a +0 robe (worn)
Potions
 e - a potion of lignification {unknown}
 g - a potion of ambrosia {unknown}

Dungeon Overview and Level Annotations

Branches:
Dungeon (2/15)

Altars:


Message History

What level of the Dungeon? (default 1, ? - help)
An orc and an orc wizard come into view.
The orc shouts!
The orc wizard shouts!
You hear a shout!
You shoot a sling bullet.
The sling bullet hits the orc wizard but does no damage.
You shoot a sling bullet. The sling bullet hits the orc wizard.
The orc wizard is moderately wounded.
An orc priest comes into view. It is wielding a +0 falchion.
You shoot a sling bullet.
The sling bullet closely misses the orc wizard.
The sling bullet hits the orc.
The orc is heavily wounded.
The orc wizard hits you with a +0 dagger.
The orc wizard points at you and mumbles some strange words.
You resist with significant effort.
You shoot a sling bullet.
The sling bullet hits the orc wizard but does no damage.
The orc wizard is moderately wounded.
The orc wizard closely misses you.
You shoot a sling bullet.
The sling bullet hits the orc wizard but does no damage.
The orc wizard is moderately wounded.
The orc priest invokes the aid of Beogh against you.
Beogh smites you!
Ouch! That really hurt!
The orc wizard casts a spell at you.
You are confused.
The orc wizard misses you. The orc closely misses you.
The orc wizard hits you with a +0 dagger.
The orc hits you with a +0 dagger.
The orc wizard points at you and mumbles some strange words.
You are more confused.
The orc hits you with a +0 dagger.
The orc priest looks encouraged for a moment.
The orc hits you with a +0 dagger. The orc wizard closely misses you.
The orc priest begins to cast a cantrip, but forgets the words!
The orc wizard hits you with a +0 dagger.
The orc barely misses you.
The orc wizard hits you with a +0 dagger.
You die...

### #######.##########
#........#.>.....#
###......#####.#
..............##.#
.[##...oo@.##.##.#####
#.....o#.##........#
#..#..##......:###.#
.....).########## #.#
..<....## #.# ###.#.<
##.## # #. ##.#.## #.
#.###.# ##?#.##


You could see an orc priest, an orc wizard and an orc.

Vanquished Creatures
  A dart slug (D:1)
  An orc (D:2)
  An endoplasm (D:2)
  A giant cockroach (D:1)
  2 goblins (D:1)
  A hobgoblin (D:1)
  A quokka (D:1)
  A bat (D:1)
  A kobold (D:1)
10 creatures vanquished.

Notes
Turn   | Place    | Note
-------+----------+-------------------------------------------
     0 | D:1      | qw the Minotaur Hexslinger began the quest for the Orb.
     0 | D:1      | Reached XP level 1. HP: 16/16 MP: 1/1
     0 | D:1      | 0 ||| qw: Version: 0.3-a-52-g30416fa
     0 | D:1      | 0 ||| qw: Game counter: 5095
     0 | D:1      | 0 ||| qw: Melee chars always use a shield: true
     0 | D:1      | 0 ||| qw: God list: Okawaru
     0 | D:1      | 0 ||| qw: Allow faded altars: false
     0 | D:1      | 0 ||| qw: Do Orc after clearing Dungeon:15 true
     0 | D:1      | 0 ||| qw: Do second Lair branch before Depths: true
     0 | D:1      | 0 ||| qw: Lair rune preference: random
     0 | D:1      | 0 ||| qw: Goals: Normal
     0 | D:1      | 0 ||| PLANNING D:1-11
   127 | D:1      | Reached skill level 3 in Ranged Weapons
   175 | D:1      | Reached XP level 2. HP: 23/23 MP: 2/2
   305 | D:1      | You fall into a shaft and drop 1 floor!
   306 | D:2      | 306 ||| READING scroll labelled ZETUD NUHOGRA.
   307 | D:2      | 307 ||| READING 3 scrolls labelled QOEHIU NISYSENI.
   308 | D:2      | 308 ||| READING 2 scrolls of enchant weapon.
   308 | D:2      | 308 ||| ENCHANTING +2 sling.
   309 | D:2      | 309 ||| READING scroll of enchant weapon.
   309 | D:2      | 309 ||| ENCHANTING +3 sling.
   310 | D:2      | 310 ||| READING scroll labelled YXTAS VESA.
   311 | D:2      | 311 ||| READING scroll labelled BUARINK MESCHI.
   312 | D:2      | 312 ||| READING scroll labelled PUBLINANEU.
   317 | D:2      | 317 ||| DROPPING scroll of poison.
   318 | D:2      | 318 ||| Stepping randomly (stuck).
   319 | D:2      | 319 ||| Stepping randomly (stuck).
   320 | D:2      | 320 ||| Stepping randomly (stuck).
   321 | D:2      | 321 ||| Stepping randomly (stuck).
   322 | D:2      | 322 ||| Stepping randomly (stuck).
   323 | D:2      | 323 ||| Stepping randomly (stuck).
   324 | D:2      | 324 ||| Stepping randomly (stuck).
   325 | D:2      | 325 ||| Stepping randomly (stuck).
   326 | D:2      | 326 ||| Stepping randomly (stuck).
   330 | D:2      | 330 ||| Stepping randomly (stuck).
   331 | D:2      | 331 ||| Stepping randomly (stuck).
   332 | D:2      | 332 ||| Stepping randomly (stuck).
   333 | D:2      | 333 ||| Stepping randomly (stuck).
   334 | D:2      | 334 ||| Stepping randomly (stuck).
   335 | D:2      | 335 ||| Stepping randomly (stuck).
   336 | D:2      | 336 ||| Stepping randomly (stuck).
   337 | D:2      | 337 ||| Stepping randomly (stuck).
   338 | D:2      | 338 ||| Stepping randomly (stuck).
   339 | D:2      | 339 ||| Stepping randomly (stuck).
   340 | D:2      | 340 ||| Stepping randomly (stuck).
   341 | D:2      | 341 ||| Stepping randomly (stuck).
   342 | D:2      | 342 ||| Stepping randomly (stuck).
   343 | D:2      | 343 ||| Stepping randomly (stuck).
   344 | D:2      | 344 ||| Stepping randomly (stuck).
   345 | D:2      | 345 ||| Stepping randomly (stuck).
   346 | D:2      | 346 ||| Stepping randomly (stuck).
   347 | D:2      | 347 ||| Stepping randomly (stuck).
   348 | D:2      | 348 ||| Stepping randomly (stuck).
   349 | D:2      | 349 ||| Stepping randomly (stuck).
   350 | D:2      | 350 ||| Stepping randomly (stuck).
   351 | D:2      | 351 ||| Stepping randomly (stuck).
   352 | D:2      | 352 ||| Stepping randomly (stuck).
   353 | D:2      | 353 ||| Stepping randomly (stuck).
   354 | D:2      | 354 ||| Stepping randomly (stuck).
   355 | D:2      | 355 ||| Stepping randomly (stuck).
   356 | D:2      | 356 ||| Stepping randomly (stuck).
   357 | D:2      | 357 ||| Stepping randomly (stuck).
   358 | D:2      | 358 ||| Stepping randomly (stuck).
   359 | D:2      | 359 ||| Stepping randomly (stuck).
   360 | D:2      | 360 ||| Stepping randomly (stuck).
   361 | D:2      | 361 ||| Stepping randomly (stuck).
   362 | D:2      | 362 ||| Stepping randomly (stuck).
   363 | D:2      | 363 ||| Stepping randomly (stuck).
   364 | D:2      | 364 ||| Stepping randomly (stuck).
   365 | D:2      | 365 ||| Stepping randomly (stuck).
   366 | D:2      | 366 ||| Stepping randomly (stuck).
   367 | D:2      | 367 ||| Stepping randomly (stuck).
   368 | D:2      | 368 ||| Stepping randomly (stuck).
   369 | D:2      | 369 ||| Stepping randomly (stuck).
   370 | D:2      | 370 ||| Stepping randomly (stuck).
   371 | D:2      | 371 ||| Stepping randomly (stuck).
   372 | D:2      | 372 ||| Stepping randomly (stuck).
   373 | D:2      | 373 ||| Stepping randomly (stuck).
   374 | D:2      | 374 ||| Stepping randomly (stuck).
   375 | D:2      | 375 ||| Stepping randomly (stuck).
   376 | D:2      | 376 ||| Stepping randomly (stuck).
   377 | D:2      | 377 ||| Stepping randomly (stuck).
   378 | D:2      | 378 ||| Stepping randomly (stuck).
   379 | D:2      | 379 ||| Stepping randomly (stuck).
   380 | D:2      | 380 ||| Stepping randomly (stuck).
   381 | D:2      | 381 ||| Stepping randomly (stuck).
   382 | D:2      | 382 ||| Stepping randomly (stuck).
   383 | D:2      | 383 ||| Stepping randomly (stuck).
   384 | D:2      | 384 ||| Stepping randomly (stuck).
   385 | D:2      | 385 ||| Stepping randomly (stuck).
   386 | D:2      | 386 ||| Stepping randomly (stuck).
   387 | D:2      | 387 ||| Stepping randomly (stuck).
   388 | D:2      | 388 ||| Stepping randomly (stuck).
   389 | D:2      | 389 ||| Stepping randomly (stuck).
   390 | D:2      | 390 ||| Stepping randomly (stuck).
   391 | D:2      | 391 ||| Stepping randomly (stuck).
   392 | D:2      | 392 ||| Stepping randomly (stuck).
   393 | D:2      | 393 ||| Stepping randomly (stuck).
   394 | D:2      | 394 ||| Stepping randomly (stuck).
   395 | D:2      | 395 ||| Stepping randomly (stuck).
   396 | D:2      | 396 ||| Stepping randomly (stuck).
   397 | D:2      | 397 ||| Stepping randomly (stuck).
   398 | D:2      | 398 ||| Stepping randomly (stuck).
   399 | D:2      | 399 ||| Stepping randomly (stuck).
   400 | D:2      | 400 ||| Stepping randomly (stuck).
   401 | D:2      | 401 ||| Stepping randomly (stuck).
   402 | D:2      | 402 ||| Stepping randomly (stuck).
   403 | D:2      | 403 ||| Stepping randomly (stuck).
   404 | D:2      | 404 ||| Stepping randomly (stuck).
   405 | D:2      | 405 ||| Stepping randomly (stuck).
   406 | D:2      | 406 ||| Stepping randomly (stuck).
   407 | D:2      | 407 ||| Stepping randomly (stuck).
   408 | D:2      | 408 ||| Stepping randomly (stuck).
   409 | D:2      | 409 ||| Stepping randomly (stuck).
   410 | D:2      | 410 ||| Stepping randomly (stuck).
   411 | D:2      | 411 ||| Stepping randomly (stuck).
   412 | D:2      | 412 ||| Stepping randomly (stuck).
   413 | D:2      | 413 ||| Stepping randomly (stuck).
   414 | D:2      | 414 ||| Stepping randomly (stuck).
   415 | D:2      | 415 ||| Stepping randomly (stuck).
   416 | D:2      | 416 ||| Stepping randomly (stuck).
   417 | D:2      | 417 ||| Stepping randomly (stuck).
   418 | D:2      | 418 ||| Stepping randomly (stuck).
   419 | D:2      | 419 ||| Stepping randomly (stuck).
   420 | D:2      | 420 ||| Stepping randomly (stuck).
   421 | D:2      | 421 ||| Stepping randomly (stuck).
   422 | D:2      | 422 ||| Stepping randomly (stuck).
   423 | D:2      | 423 ||| Stepping randomly (stuck).
   424 | D:2      | 424 ||| Stepping randomly (stuck).
   425 | D:2      | 425 ||| Stepping randomly (stuck).
   426 | D:2      | 426 ||| Stepping randomly (stuck).
   427 | D:2      | 427 ||| Stepping randomly (stuck).
   428 | D:2      | 428 ||| Stepping randomly (stuck).
   429 | D:2      | 429 ||| Stepping randomly (stuck).
   430 | D:2      | 430 ||| Stepping randomly (stuck).
   431 | D:2      | 431 ||| Stepping randomly (stuck).
   432 | D:2      | 432 ||| Stepping randomly (stuck).
   433 | D:2      | 433 ||| Stepping randomly (stuck).
   434 | D:2      | 434 ||| Stepping randomly (stuck).
   435 | D:2      | 435 ||| Stepping randomly (stuck).
   436 | D:2      | 436 ||| Stepping randomly (stuck).
   437 | D:2      | 437 ||| Stepping randomly (stuck).
   438 | D:2      | 438 ||| Stepping randomly (stuck).
   439 | D:2      | 439 ||| Stepping randomly (stuck).
   440 | D:2      | 440 ||| Stepping randomly (stuck).
   441 | D:2      | 441 ||| Stepping randomly (stuck).
   442 | D:2      | 442 ||| Stepping randomly (stuck).
   443 | D:2      | 443 ||| Stepping randomly (stuck).
   444 | D:2      | 444 ||| Stepping randomly (stuck).
   445 | D:2      | 445 ||| Stepping randomly (stuck).
   446 | D:2      | 446 ||| Stepping randomly (stuck).
   447 | D:2      | 447 ||| Stepping randomly (stuck).
   448 | D:2      | 448 ||| Stepping randomly (stuck).
   449 | D:2      | 449 ||| Stepping randomly (stuck).
   450 | D:2      | 450 ||| Stepping randomly (stuck).
   451 | D:2      | 451 ||| Stepping randomly (stuck).
   452 | D:2      | 452 ||| Stepping randomly (stuck).
   453 | D:2      | 453 ||| Stepping randomly (stuck).
   454 | D:2      | 454 ||| Stepping randomly (stuck).
   455 | D:2      | 455 ||| Stepping randomly (stuck).
   456 | D:2      | 456 ||| Stepping randomly (stuck).
   457 | D:2      | 457 ||| Stepping randomly (stuck).
   458 | D:2      | 458 ||| Stepping randomly (stuck).
   459 | D:2      | 459 ||| Stepping randomly (stuck).
   460 | D:2      | 460 ||| Stepping randomly (stuck).
   461 | D:2      | 461 ||| Stepping randomly (stuck).
   462 | D:2      | 462 ||| Stepping randomly (stuck).
   463 | D:2      | 463 ||| Stepping randomly (stuck).
   464 | D:2      | 464 ||| Stepping randomly (stuck).
   465 | D:2      | 465 ||| Stepping randomly (stuck).
   466 | D:2      | 466 ||| Stepping randomly (stuck).
   467 | D:2      | 467 ||| Stepping randomly (stuck).
   468 | D:2      | 468 ||| Stepping randomly (stuck).
   469 | D:2      | 469 ||| Stepping randomly (stuck).
   470 | D:2      | 470 ||| Stepping randomly (stuck).
   471 | D:2      | 471 ||| Stepping randomly (stuck).
   472 | D:2      | 472 ||| Stepping randomly (stuck).
   473 | D:2      | 473 ||| Stepping randomly (stuck).
   474 | D:2      | 474 ||| Stepping randomly (stuck).
   475 | D:2      | 475 ||| Stepping randomly (stuck).
   476 | D:2      | 476 ||| Stepping randomly (stuck).
   477 | D:2      | 477 ||| Stepping randomly (stuck).
   478 | D:2      | 478 ||| Stepping randomly (stuck).
   479 | D:2      | 479 ||| Stepping randomly (stuck).
   480 | D:2      | 480 ||| Stepping randomly (stuck).
   481 | D:2      | 481 ||| Stepping randomly (stuck).
   482 | D:2      | 482 ||| Stepping randomly (stuck).
   483 | D:2      | 483 ||| Stepping randomly (stuck).
   484 | D:2      | 484 ||| Stepping randomly (stuck).
   485 | D:2      | 485 ||| Stepping randomly (stuck).
   486 | D:2      | 486 ||| Stepping randomly (stuck).
   487 | D:2      | 487 ||| Stepping randomly (stuck).
   488 | D:2      | 488 ||| Stepping randomly (stuck).
   489 | D:2      | 489 ||| Stepping randomly (stuck).
   490 | D:2      | 490 ||| Stepping randomly (stuck).
   491 | D:2      | 491 ||| Stepping randomly (stuck).
   492 | D:2      | 492 ||| Stepping randomly (stuck).
   493 | D:2      | 493 ||| Stepping randomly (stuck).
   494 | D:2      | 494 ||| Stepping randomly (stuck).
   495 | D:2      | 495 ||| Stepping randomly (stuck).
   496 | D:2      | 496 ||| Stepping randomly (stuck).
   497 | D:2      | 497 ||| Stepping randomly (stuck).
   498 | D:2      | 498 ||| Stepping randomly (stuck).
   499 | D:2      | 499 ||| Stepping randomly (stuck).
   500 | D:2      | 500 ||| Stepping randomly (stuck).
   501 | D:2      | 501 ||| Stepping randomly (stuck).
   502 | D:2      | 502 ||| Stepping randomly (stuck).
   503 | D:2      | 503 ||| Stepping randomly (stuck).
   504 | D:2      | 504 ||| Stepping randomly (stuck).
   505 | D:2      | 505 ||| Stepping randomly (stuck).
   506 | D:2      | 506 ||| Stepping randomly (stuck).
   507 | D:2      | 507 ||| Stepping randomly (stuck).
   508 | D:2      | 508 ||| Stepping randomly (stuck).
   509 | D:2      | 509 ||| Stepping randomly (stuck).
   510 | D:2      | 510 ||| Stepping randomly (stuck).
   511 | D:2      | 511 ||| Stepping randomly (stuck).
   512 | D:2      | 512 ||| Stepping randomly (stuck).
   513 | D:2      | 513 ||| Stepping randomly (stuck).
   514 | D:2      | 514 ||| Stepping randomly (stuck).
   515 | D:2      | 515 ||| Stepping randomly (stuck).
   516 | D:2      | 516 ||| Stepping randomly (stuck).
   517 | D:2      | 517 ||| Stepping randomly (stuck).
   518 | D:2      | 518 ||| Stepping randomly (stuck).
   519 | D:2      | 519 ||| Stepping randomly (stuck).
   520 | D:2      | 520 ||| Stepping randomly (stuck).
   521 | D:2      | 521 ||| Stepping randomly (stuck).
   522 | D:2      | 522 ||| Stepping randomly (stuck).
   523 | D:2      | 523 ||| Stepping randomly (stuck).
   524 | D:2      | 524 ||| Stepping randomly (stuck).
   525 | D:2      | 525 ||| Stepping randomly (stuck).
   526 | D:2      | 526 ||| Stepping randomly (stuck).
   527 | D:2      | 527 ||| Stepping randomly (stuck).
   528 | D:2      | 528 ||| Stepping randomly (stuck).
   529 | D:2      | 529 ||| Stepping randomly (stuck).
   530 | D:2      | 530 ||| Stepping randomly (stuck).
   531 | D:2      | 531 ||| Stepping randomly (stuck).
   532 | D:2      | 532 ||| Stepping randomly (stuck).
   533 | D:2      | 533 ||| Stepping randomly (stuck).
   534 | D:2      | 534 ||| Stepping randomly (stuck).
   535 | D:2      | 535 ||| Stepping randomly (stuck).
   536 | D:2      | 536 ||| Stepping randomly (stuck).
   537 | D:2      | 537 ||| Stepping randomly (stuck).
   538 | D:2      | 538 ||| Stepping randomly (stuck).
   539 | D:2      | 539 ||| Stepping randomly (stuck).
   540 | D:2      | 540 ||| Stepping randomly (stuck).
   541 | D:2      | 541 ||| Stepping randomly (stuck).
   542 | D:2      | 542 ||| Stepping randomly (stuck).
   543 | D:2      | 543 ||| Stepping randomly (stuck).
   544 | D:2      | 544 ||| Stepping randomly (stuck).
   545 | D:2      | 545 ||| Stepping randomly (stuck).
   546 | D:2      | 546 ||| Stepping randomly (stuck).
   547 | D:2      | 547 ||| Stepping randomly (stuck).
   548 | D:2      | 548 ||| Stepping randomly (stuck).
   549 | D:2      | 549 ||| Stepping randomly (stuck).
   550 | D:2      | 550 ||| Stepping randomly (stuck).
   551 | D:2      | 551 ||| Stepping randomly (stuck).
   552 | D:2      | 552 ||| Stepping randomly (stuck).
   553 | D:2      | 553 ||| Stepping randomly (stuck).
   554 | D:2      | 554 ||| Stepping randomly (stuck).
   555 | D:2      | 555 ||| Stepping randomly (stuck).
   556 | D:2      | 556 ||| Stepping randomly (stuck).
   557 | D:2      | 557 ||| Stepping randomly (stuck).
   558 | D:2      | 558 ||| Stepping randomly (stuck).
   559 | D:2      | 559 ||| Stepping randomly (stuck).
   560 | D:2      | 560 ||| Stepping randomly (stuck).
   561 | D:2      | 561 ||| Stepping randomly (stuck).
   562 | D:2      | 562 ||| Stepping randomly (stuck).
   563 | D:2      | 563 ||| Stepping randomly (stuck).
   564 | D:2      | 564 ||| Stepping randomly (stuck).
   565 | D:2      | 565 ||| Stepping randomly (stuck).
   566 | D:2      | 566 ||| Stepping randomly (stuck).
   567 | D:2      | 567 ||| Stepping randomly (stuck).
   568 | D:2      | 568 ||| Stepping randomly (stuck).
   569 | D:2      | 569 ||| Stepping randomly (stuck).
   570 | D:2      | 570 ||| Stepping randomly (stuck).
   571 | D:2      | 571 ||| Stepping randomly (stuck).
   572 | D:2      | 572 ||| Stepping randomly (stuck).
   573 | D:2      | 573 ||| Stepping randomly (stuck).
   574 | D:2      | 574 ||| Stepping randomly (stuck).
   575 | D:2      | 575 ||| Stepping randomly (stuck).
   576 | D:2      | 576 ||| Stepping randomly (stuck).
   577 | D:2      | 577 ||| Stepping randomly (stuck).
   578 | D:2      | 578 ||| Stepping randomly (stuck).
   579 | D:2      | 579 ||| Stepping randomly (stuck).
   580 | D:2      | 580 ||| Stepping randomly (stuck).
   581 | D:2      | 581 ||| Stepping randomly (stuck).
   582 | D:2      | 582 ||| Stepping randomly (stuck).
   583 | D:2      | 583 ||| Stepping randomly (stuck).
   584 | D:2      | 584 ||| Stepping randomly (stuck).
   585 | D:2      | 585 ||| Stepping randomly (stuck).
   586 | D:2      | 586 ||| Stepping randomly (stuck).
   587 | D:2      | 587 ||| Stepping randomly (stuck).
   588 | D:2      | 588 ||| Stepping randomly (stuck).
   589 | D:2      | 589 ||| Stepping randomly (stuck).
   590 | D:2      | 590 ||| Stepping randomly (stuck).
   591 | D:2      | 591 ||| Stepping randomly (stuck).
   592 | D:2      | 592 ||| Stepping randomly (stuck).
   593 | D:2      | 593 ||| Stepping randomly (stuck).
   594 | D:2      | 594 ||| Stepping randomly (stuck).
   595 | D:2      | 595 ||| Stepping randomly (stuck).
   596 | D:2      | 596 ||| Stepping randomly (stuck).
   597 | D:2      | 597 ||| Stepping randomly (stuck).
   598 | D:2      | 598 ||| Stepping randomly (stuck).
   599 | D:2      | 599 ||| Stepping randomly (stuck).
   600 | D:2      | 600 ||| Stepping randomly (stuck).
   601 | D:2      | 601 ||| Stepping randomly (stuck).
   602 | D:2      | 602 ||| Stepping randomly (stuck).
   603 | D:2      | 603 ||| Stepping randomly (stuck).
   604 | D:2      | 604 ||| Stepping randomly (stuck).
   605 | D:2      | 605 ||| Stepping randomly (stuck).
   606 | D:2      | 606 ||| Stepping randomly (stuck).
   607 | D:2      | 607 ||| Stepping randomly (stuck).
   608 | D:2      | 608 ||| Stepping randomly (stuck).
   609 | D:2      | 609 ||| Stepping randomly (stuck).
   610 | D:2      | 610 ||| Stepping randomly (stuck).
   611 | D:2      | 611 ||| Stepping randomly (stuck).
   612 | D:2      | 612 ||| Stepping randomly (stuck).
   613 | D:2      | 613 ||| Stepping randomly (stuck).
   614 | D:2      | 614 ||| Stepping randomly (stuck).
   615 | D:2      | 615 ||| Stepping randomly (stuck).
   616 | D:2      | 616 ||| Stepping randomly (stuck).
   638 | D:2      | HP: 5/24 [orc/+0 dagger (2)]
   641 | D:2      | Slain by an orc wizard

Levels and vault maps discovered:
D:1:      eino_arrival_cavern_a, layout_basic
D:2:      layout_loops_cross, kennysheep_generic_room_4, uniq_sigmund

Skill      XL: |  1 |
---------------+----+-----
Ranged Weapons | 3 |  3.0
Fighting       | |  1.9
Dodging        | |  2.1
Spellcasting   | |  1.0
Hexes          | |  2.0

Action                     || total
---------------------------++-------
   Fire: Sling             ||    24
    Use: Scroll            ||     7
  Dodge: Dodged            ||     6

Table legend:
 A = Non-vault XP
 B = Vault XP
 C = Vault XP percentage of total XP
 D = Non-vault monster count
 E = Vault monster count
 F = Vault count percentage of total count
                 A         B        C        D         E       F
            +---------+---------+-------+---------+---------+-------
      Total |      21 |       0 |   0.0 |      10 |       0 |   0.0
            +---------+---------+-------+---------+---------+-------
        D:1 |      16 |       0 |   0.0 |       8 |       0 |   0.0
        D:2 |       5 |       0 |   0.0 |       2 |       0 |   0.0
            +---------+---------+-------+---------+---------+-------
